 Dungeon Sprint DCSS version 0.30-a0-509-gd016549fea (webtiles) character file.

Game seed: 16946557139876864095

458 Liquidunit the Trooper (level 7, -2/61 HPs)
             Began as a Human Fighter on Dec 23, 2022.
             Splashed by a jelly's acid (5 damage)
             ... in the Dungeon (Sprint I: "Red Sonja").
             The game lasted 00:02:07 (718 turns).

Liquidunit the Trooper (Human Fighter)               Turns: 718, Time: 00:02:08

Health: -2/61      AC: -3    Str: 15 (18) XL:     7   Next: 27%
Magic:  7/7        EV:  9    Int:  6 (8)  God:
Gold:   162        SH:  6    Dex: 12 (13) Spells: 6/6 levels left

rFire   . . .      SeeInvis .    a - +0 trident
rCold   . . .      Faith    .    c - +0 buckler
rNeg    . . .      Spirit   .    b - +0 scale mail
rPois   .          Reflect  .    (no helmet)
rElec   .          Harm     .    (no cloak)
rCorr   .          Rampage  .    (no gloves)
Will    .....      NoTele   +    (no boots)
Stlth   ..........               (no amulet)
HPRegen 0.30/turn                (no ring)
MPRegen 0.10/turn                (no ring)

@: corroded
A: no striking features
a: no special abilities


You were in the Dungeon.
You visited 1 branch You collected 162 gold pieces.

Inventory:

Hand Weapons
 a - a +0 trident (weapon)
Armour
 b - a +0 scale mail (worn)
 c - a +0 buckler (worn)
Potions
 g - a potion of haste
 h - 2 potions of magic
 i - a potion of degeneration


   Skills:
 + Level 7.9 Fighting
 + Level 7.5 Polearms
 + Level 7.9 Armour
 + Level 7.9 Shields


You had 6 spell levels left.
You didn't know any spells.
Your spell library was empty.

Dungeon Overview and Level Annotations

Branches:
Dungeon (1/1)

Altars:
Makhleb
Sif Muna
Vehumet
Wu Jian
Xom
Jiyva
Lugonu


Message History

You start resting.
HP restored.
You start waiting.
Done waiting.
You start waiting.
Done waiting.
You open the door.
Found 2 metallic cyan potions and a scroll labelled FYCHAA COGOL.
Found two altars.
A jelly comes into view.
The jelly quivers.
There is an open door here.
You aren't carrying any scrolls.
Unknown command.
It was a potion of degeneration.
There was something very wrong with that liquid.
You feel weakened.
You feel dopey.
You feel clumsy.
The jelly jiggles.
Found a radiant altar of Vehumet.
You see here 2 metallic cyan potions.
You hit the jelly but do no damage.
Your hands burn!
The jelly hits you.
You are splashed with acid!
You hit the jelly. The acid corrodes you!
Your hands burn!
The jelly is lightly wounded.
The jelly hits you but does no damage.
You hit the jelly. The acid corrodes you!
Your hands burn!
The jelly is heavily wounded.
The jelly hits you.
You are splashed with acid!
You hit the jelly but do no damage.
Your hands burn!
The jelly is heavily wounded.
The jelly hits you. The acid corrodes you!
You are splashed with acid!
You hit the jelly but do no damage.
Your hands burn!
* * * LOW HITPOINT WARNING * * *
The jelly is heavily wounded.
The jelly hits you.
* * * LOW HITPOINT WARNING * * *
The acid corrodes you!
You are splashed with acid!
* * * LOW HITPOINT WARNING * * *
You hit the jelly but do no damage.
Your hands burn!
You die...

###################
#<.#.)'..#..'..#__#
#..)..#..').#..'..+
#..#####'#####'#__#
#..# #..# #@####
#..# #### #J# #..#
_.+ #⌠⌠# .._# ####
_.#+# ##+


You could see a jelly.

Vanquished Creatures
  A slime creature (D)
  Sigmund (D)
  An ogre (D)
  Ijyb (D)
4 creatures vanquished.

Notes
Turn   | Place    | Note
-------+----------+-------------------------------------------
     0 | D        | Liquidunit the Human Fighter began the quest for the Orb.
     0 | D        | Reached XP level 1. HP: 18/18 MP: 1/1
     2 | D        | Noticed Ijyb
    17 | D        | Killed Ijyb
    18 | D        | Reached XP level 2. HP: 25/25 MP: 2/2
    18 | D        | Reached XP level 3. HP: 30/30 MP: 3/3
   261 | D        | Noticed an ogre
   264 | D        | Killed an ogre
   265 | D        | Reached skill level 5 in Fighting
   265 | D        | Reached skill level 5 in Armour
   265 | D        | Reached skill level 5 in Shields
   265 | D        | Reached XP level 4. HP: 39/39 MP: 4/4
   265 | D        | Reached XP level 5. HP: 44/44 MP: 5/5
   281 | D        | Noticed Sigmund
   283 | D        | Killed Sigmund
   284 | D        | Reached XP level 6. HP: 53/53 MP: 6/6
   299 | D        | Found a burning altar of Makhleb.
   299 | D        | Found a viscous altar of Jiyva.
   299 | D        | Found a shimmering altar of Xom.
   299 | D        | Found a corrupted altar of Lugonu.
   299 | D        | Noticed a slime creature
   311 | D        | HP: 1/53 [slime creature (14)]
   314 | D        | Killed a slime creature
   315 | D        | Reached XP level 7. HP: 3/61 MP: 7/7
   709 | D        | Found an ornate altar of the Wu Jian Council.
   709 | D        | Found a shimmering blue altar of Sif Muna.
   712 | D        | Found a radiant altar of Vehumet.
   717 | D        | HP: 3/61 [acid (11)]
   718 | D        | Splashed by a jelly's acid

Illustrated notes

Levels and vault maps discovered:
D:        dungeon_sprint_1 [red_sonja_temple_1, red_sonja_temple_small_1]

Skill      XL: |  1  2  3  4  5  6 |
---------------+-------------------+-----
Fighting       | 4 5 6 7 |  7.9
Polearms       | 3 4 6 7 |  7.5
Armour         | 4 5 6 7 |  7.9
Shields        | 4 5 6 7 |  7.9

Action                   |  1- 3 |  4- 6 |  7- 9 || total
-------------------------+-------+-------+-------++-------
Melee: Trident           |    13 |    10 |     6 ||    29
Evoke: Wand              |     2 |     4 |       ||     6
  Use: Potion            |     2 |     2 |     1 ||     5
       Scroll            |     1 |       |       ||     1
Armor: Scale mail        |     1 |     1 |     1 ||     3
Dodge: Dodged            |       |     3 |       ||     3
Block: Buckler           |     2 |     1 |       ||     3

Table legend: (Time is in decaauts)
 A = Elapsed time spent in this place.
 B = Non-inter-level travel time spent in this place.
 C = Inter-level travel time spent in this place.
 D = Time resting spent in this place.
 E = Time spent auto-exploring this place.
 F = Levels seen in this place.
 G = Mean time per level.
                   A        B        C        D        E       F      G
               +--------+--------+--------+--------+--------+-----+--------+
         Total |    730 |    730 |      0 |    641 |      0 |   1 |  730.0 |
       Dungeon |    730 |    730 |      0 |    641 |      0 |   1 |  730.0 |
               +--------+--------+--------+--------+--------+-----+--------+

Top non-repeatable levels by time:
       D: 730 daAuts
